 Dungeon Crawl Stone Soup version 0.20-a0-940-g1ecfa5a (webtiles) character file.

32 JeffiDaFish the Conjurer (level 3, -7/26 HPs)
             Began as a Draconian Conjurer on Mar 31, 2017.
             Mangled by Sigmund
             ... wielding a +0 scythe
              (12 damage)
             ... on level 2 of the Dungeon.
             The game lasted 00:03:35 (1094 turns).

JeffiDaFish the Conjurer (Draconian Conjurer)       Turns: 1094, Time: 00:03:36

Health: -7/26      AC:  5    Str: 10    XL:     3   Next: 8%
Magic:  0/6        EV: 12    Int: 15    God:
Gold:   128        SH:  0    Dex: 12    Spells: 5/6 levels left

rFire    . . .     SeeInvis .   e - +1 mace
rCold    . . .     Gourm    .   (no shield)
rNeg     . . .     Faith    .   (armour unavailable)
rPois    .         Spirit   .   (helmet restricted)
rElec    .         Reflect  .   (no cloak)
rCorr    .         Harm     .   (no gloves)
MR       .....                  (no boots)
Stlth    ++........             c - amulet of magic regeneration
Regen    0.1/turn               (no ring)
MPRegen  0.2/turn               (no ring)

@: very slightly contaminated
A: unfitting armour, cold-blooded, AC +5
a: no special abilities


You were on level 2 of the Dungeon.
You were hungry.

You visited 1 branch of the dungeon, and saw 2 of its levels.

You collected 128 gold pieces.

Inventory:

Hand Weapons
 e - a +1 mace (weapon)
Jewellery
 c - an amulet of magic regeneration (around neck)
Scrolls
 g - 2 scrolls of amnesia
Books
 a - a book of Conjurations

   Spells                             Type                      Level
   a - Magic Dart                     Conjuration                  1
   b - Searing Ray                    Conjuration                  2
   c - Dazzling Spray                 Conjuration/Hexes            3
   d - Fulminant Prism                Conjuration/Hexes            4
   e - Force Lance                    Conjuration/Translocation    4
   f - Iskenderun's Mystic Blast      Conjuration                  4
Comestibles
 b - 3 bread rations
 d - a royal jelly
 f - a chunk of flesh


   Skills:
 + Level 2.0 Dodging
 + Level 1.9 Stealth
 + Level 0.4 Unarmed Combat
 + Level 2.0 Spellcasting
 + Level 4.7 Conjurations


You had 5 spell levels left.
You knew the following spells:

 Your Spells              Type           Power        Failure   Level  Hunger
a - Magic Dart            Conj           ###.         3%          1    #......


Dungeon Overview and Level Annotations

Branches:
Dungeon (2/15)

Altars:

Annotations:
D:2 Sigmund


Innate Abilities, Weirdness & Mutations

Your plain brown scales are hard. (AC +5)
You cannot fit into any form of body armour.
You are cold-blooded and may be slowed by cold attacks.


Message History

Sigmund mumbles some strange words.
Sigmund flickers and vanishes!
Deactivating autopickup; reactivate with Ctrl-A.
You hit something but do no damage. Something hits you!
You barely miss something. Something hits you.
You hit something.
Your tail-slap misses something.
Something hits you!
* * * LOW HITPOINT WARNING * * *
Casting: Magic Dart
Confirm with . or Enter, or press ? or * to list all spells.
Aiming: Magic Dart
Press: ? - help, Shift-Dir - straight line, f - you That beam is likely to hit you.
Continue anyway?
Okay, then.
Casting: Magic Dart
Confirm with . or Enter, or press ? or * to list all spells.
Aiming: Magic Dart
Press: ? - help, Shift-Dir - straight line The magic dart hits something.
Something hits you!
You die...

#............. .##
#...##.###.... ..
#...##........ ..
#............# .#
.....#.###### .#
##...############.#
##..............{.#
..................#
...#.#.#.#######@.#
##.#.#.#.#
#........ #.#.#.#.#
#(###.### ....#.#.#
#.# # # ###.#.# #.#
#.#.# #.# #.#.# #.#
#.. #.#


There were no monsters in sight!

Vanquished Creatures
  A worm (D:2)
  A dart slug (D:1)
  3 leopard geckos (D:1)
  2 giant cockroaches (D:1)
  A hobgoblin (D:1)
  2 jackals (D:1)
  2 ball pythons (D:2)
  A bat (D:1)
  4 frilled lizards
  2 goblins (D:1)
  6 kobolds
  3 rats (D:1)
28 creatures vanquished.

Notes
Turn   | Place    | Note
-------+----------+-------------------------------------------
     0 | D:1      | JeffiDaFish the Draconian Conjurer began the quest for the Orb.
     0 | D:1      | Reached XP level 1. HP: 14/14 MP: 3/3
   373 | D:1      | Reached XP level 2. HP: 20/20 MP: 0/5
  1055 | D:2      | Reached XP level 3. HP: 26/26 MP: 4/6
  1082 | D:2      | Noticed Sigmund
  1094 | D:2      | Mangled by Sigmund

Vault maps used:
D:1:      dpeg_arrival_simpleton_c, serial_bayou_crossing
D:2:      first_bread, minmay_lizard_pond, uniq_robin, uniq_sigmund

Skill      XL: |  1  2 |
---------------+-------+-----
Dodging        | 2 |  2.0
Stealth        | |  1.9
Unarmed Combat | |  0.4
Spellcasting   | |  2.0
Conjurations   | |  4.7

Action                   || total
-------------------------++-------
Melee: Unarmed           ||    24
       Tailslap          ||     3
       Mace              ||    23
 Cast: Magic Dart        ||    45
  Use: Scroll            ||     7
       Potion            ||     5
  Eat: Chunk             ||     1
Armor: Skin              ||    15
Dodge: Dodged            ||    33
